 Dungeon Crawl Stone Soup version 0.21.1-1-g345015f (webtiles) character file.

479 robertstho the Digger (level 7, -8/38 HPs)
             Began as a Gargoyle Earth Elementalist on Feb 7, 2018.
             Killed by divine providence
             ... invoked by an orc priest
              (14 damage)
             ... on level 5 of the Dungeon.
             The game lasted 00:10:53 (3604 turns).

robertstho the Digger (Gargoyle Earth Elementalist) Turns: 3604, Time: 00:10:54

Health: -8/38      AC: 10    Str: 21    XL:     7   Next: 11%
Magic:  6/13       EV: 12    Int: 12    God:
Gold:   221        SH:  0    Dex: 10    Spells: 4/15 levels left

rFire    . . .     SeeInvis +   q - +1 hand axe "Rummage" {chop, *Corrode Str+9 Int-5 SInv} (curse)
rCold    . . .     Gourm    .   (no shield)
rNeg     + . .     Faith    .   c - +0 robe
rPois    ∞         Spirit   .   B - +1 helmet
rElec    +         Reflect  .   u - +0 cloak
rCorr    .         Harm     .   (no gloves)
MR       .....                  i - +0 pair of boots
Stlth    ++........             (no amulet)
HPRegen  0.12/turn              (no ring)
MPRegen  0.13/turn              (no ring)

@: about to teleport, very slightly contaminated, slowed, very slow
A: negative energy resistance 1, electricity resistance, unbreathing,
petrification resistance, rot immunity, AC +4
a: no special abilities


You were on level 5 of the Dungeon.
You were hungry.

You visited 1 branch of the dungeon, and saw 5 of its levels.

You collected 221 gold pieces.

Inventory:

Hand Weapons
 a - a +2 whip of venom
 f - a +0 short sword
 h - a +0 whip
 q - the cursed +1 hand axe "Rummage" (weapon) {chop, *Corrode Str+9 Int-5 SInv}
   (You found it on level 4 of the Dungeon)

   It inflicts extra damage upon your enemies.
   It affects your strength (+9).
   It affects your intelligence (-5).
   It lets you see invisible.
   It may corrode you when you take damage.
   It has a curse placed upon it.
 y - a +0 hunting sling
Missiles
 b - 81 stones
 k - 23 sling bullets
 l - 8 javelins (quivered)
 r - 16 bolts
Armour
 c - a +0 robe (worn)
 i - a +0 pair of boots (worn)
 u - a +0 cloak (worn)
 B - a +1 helmet (worn)
Jewellery
 z - a +3 ring of dexterity {unknown}
Wands
 o - a wand of acid (7)
 w - a wand of flame (19)
Scrolls
 m - 2 scrolls of teleportation
 s - 3 scrolls of identify
 t - a scroll of fog {unknown}
 x - a scroll of enchant armour {unknown}
Potions
 g - 2 potions of mutation {unknown}
 j - a potion of cancellation {unknown}
 n - 2 potions of curing
 p - a potion of resistance
 v - a potion of flight {unknown}
 C - a potion of lignification {unknown}
Books
 e - a book of Geomancy

   Spells                             Type                      Level
   a - Sandblast                      Earth                        1
   b - Passwall                       Transmutation/Earth          2
   c - Stone Arrow                    Conjuration/Earth            3
   d - Petrify                        Transmutation/Earth          4
   e - Lee's Rapid Deconstruction     Earth                        5
Comestibles
 d - 12 rations
 A - 3 chunks of flesh


   Skills:
 + Level 1.6 Fighting
 + Level 0.8 Short Blades
 + Level 0.2(1.1) Axes
 + Level 2.0 Maces & Flails
 - Level 1.5 Dodging
 - Level 2.1 Stealth
 * Level 4.5 Spellcasting
 + Level 0.7 Transmutations
 * Level 6.5 Earth Magic


You had 4 spell levels left.
You knew the following spells:

 Your Spells              Type           Power        Failure   Level  Hunger
a - Sandblast             Erth           ###...       1%          1    None
b - Passwall              Tmut/Erth      ##........   7%          2    ##.....
c - Stone Arrow           Conj/Erth      ##....       16%         3    ###....
d - Lee's Rapid Deconstr  Erth           ###.......   36%         5    ######.


Dungeon Overview and Level Annotations

Branches:
Dungeon (5/15)
 Temple: D:4-7

Altars:

Annotations:
D:4 azzazzello's ghost, amateur GnAM


Innate Abilities, Weirdness & Mutations

You are resistant to torment.
Your stone body is resilient. (AC +4)
You are immune to poison.
You resist negative energy. (rN+)
You are resistant to electric shocks. (rElec)
You can survive without breathing.
You are immune to petrification.
You are immune to rotting.


Message History

The orc wizard hits you but does no damage.
The orc wizard misses you. The orc closely misses you.
The orc wizard hits you but does no damage.
Casting: Lee's Rapid Deconstruction
Confirm with . or Enter, or press ? or * to list all spells.
The spell is very dangerous to cast!
Continue anyway?
Okay, then.
As you read the scroll of teleportation, it crumbles to dust.
You feel strangely unstable.
The orc wizard gestures at you while chanting.
The magic dart hits you!
The orc wizard hits you but does no damage.
The orc wizard completely misses you. The orc barely misses you.
The orc priest invokes the aid of Beogh against you.
Beogh smites you!
* * * LOW HITPOINT WARNING * * *
The orc wizard hits you but does no damage.
The orc priest invokes the aid of Beogh against you.
Beogh smites you!
You die...

#....)# #.....+
#.....# +.....#
#.....#
###+##.....#
#......#####
#......# #@.....#
#ooo...+
#o.....###
#o........#
#+#####.........#
................#
.........)......#
.....>..........#
.................


You could see an orc priest, 3 orc wizards and an orc.

Vanquished Creatures
  An ogre (D:2)
  A scorpion (D:5)
  A bullfrog zombie (D:4)
  An orc priest (D:5)
  Terence (D:2)
  7 gnolls
  9 adders
  An ooze (D:4)
  3 worms
  A dart slug (D:1)
  3 leopard geckos
  6 orcs
  10 bats
  3 giant cockroaches
  7 goblins
  4 hobgoblins
  7 jackals
  7 kobolds
  4 quokkas
  10 frilled lizards
  A quokka skeleton (D:4)
  5 rats
93 creatures vanquished.

Notes
Turn   | Place    | Note
-------+----------+-------------------------------------------
     0 | D:1      | robertstho the Gargoyle Earth Elementalist began the quest for the Orb.
     0 | D:1      | Reached XP level 1. HP: 10/10 MP: 3/3
    98 | D:1      | Reached skill level 4 in Earth Magic
   100 | D:1      | Reached XP level 2. HP: 10/15 MP: 0/5
   628 | D:2      | Reached XP level 3. HP: 19/19 MP: 2/7
   815 | D:2      | Reached skill level 5 in Earth Magic
   840 | D:2      | Reached XP level 4. HP: 14/24 MP: 3/8
  1237 | D:2      | Noticed an ogre
  1252 | D:2      | Killed an ogre
  1252 | D:2      | Reached XP level 5. HP: 26/28 MP: 0/10
  1404 | D:2      | Noticed Terence
  1408 | D:2      | Killed Terence
  1415 | D:2      | Found a faded altar of an unknown god.
  1632 | D:2      | Reached skill level 6 in Earth Magic
  1872 | D:3      | Reached XP level 6. HP: 29/33 MP: 12/12
  2480 | D:3      | Reached skill level 1 in Fighting
  2707 | D:4      | Reached skill level 1 in Maces & Flails
  2841 | D:4      | Got a steaming hand axe
  2844 | D:4      | Identified the cursed +1 hand axe "Rummage" {chop, *Corrode Str+9 Int-5 SInv} (You found it on level 4 of the Dungeon)
  2972 | D:4      | Noticed azzazzello's ghost (amateur GnAM)
  3223 | D:5      | Entered Level 5 of the Dungeon
  3229 | D:5      | HP: 1/34 [scorpion (4)]
  3230 | D:5      | Reached XP level 7. HP: 2/38 MP: 5/13
  3532 | D:5      | Learned a level 2 spell: Passwall
  3536 | D:5      | Learned a level 3 spell: Stone Arrow
  3542 | D:5      | Learned a level 5 spell: Lee's Rapid Deconstruction
  3604 | D:5      | Killed from afar by an orc priest

Skill      XL: |  1  2  3  4  5  6  7 |
---------------+----------------------+-----
Earth Magic    | 4 5 6 |  6.5
Spellcasting   | 3 4 |  4.5
Fighting       | 1 |  1.6
Maces & Flails | 1 2 |  2.0
Short Blades   | |  0.8
Axes           | |  0.2
Dodging        | |  1.5
Stealth        | |  2.1
Transmutations | |  0.7

Action                   |  1- 3 |  4- 6 |  7- 9 || total
-------------------------+-------+-------+-------++-------
Melee: Unarmed           |     8 |       |       ||     8
       Dagger            |     4 |       |       ||     4
       Short sword       |       |    93 |       ||    93
       Whip              |       |   133 |       ||   133
       Hand axe          |       |    22 |     4 ||    26
 Cast: Sandblast         |    34 |    35 |     9 ||    78
  Use: Scroll            |     5 |     1 |     1 ||     7
       Potion            |       |     1 |       ||     1
 Stab: Sleeping          |       |     4 |       ||     4
  Eat: Chunk             |       |     8 |     1 ||     9
Armor: Robe              |     7 |   104 |     9 ||   120
Dodge: Dodged            |    16 |   218 |    13 ||   247
